 Dungeon Crawl Stone Soup version 0.18-a0-1577-gf591c28 (webtiles) character file.

113 mrath the Cudgeler (level 4, 0/39 HPs)
             Began as a Minotaur Fighter on Mar 18, 2016.
             Succumbed to Crazy Yiuf's poison
             ... on level 2 of the Dungeon.
             The game lasted 00:05:24 (1452 turns).

mrath the Cudgeler (Minotaur Fighter)               Turns: 1452, Time: 00:05:25

Health: 0/39       AC:  6    Str: 26    XL:     4   Next: 65%
Magic:  3/3        EV:  7    Int: 10    God:
Gold:   56         SH: 10    Dex: 10    Spells: 0 memorised, 3 levels left

rFire  . . .     SeeInvis .     a - +0 flail
rCold  . . .     Gourm    .     b - +0 scale mail
rNeg   . . .     Faith    .     c - +0 shield
rPois  .         Spirit   .     (helmet restricted)
rElec  .         Dismiss  .     (no cloak)
rCorr  .         Reflect  .     (no gloves)
SustAt .         Harm     .     (no boots)
MR     .....                    (no amulet)
Stlth  ..........               (no ring)
                                (no ring)

@: mighty, brilliant, lethally poisoned (0 -> -14), not resistant to hostile
enchantments, extremely unstealthy
A: retaliatory headbutt, horns 2
a: no special abilities


You were on level 2 of the Dungeon.
You were not hungry.

You visited 1 branch of the dungeon, and saw 2 of its levels.

You collected 56 gold pieces.

Inventory:

Hand Weapons
 a - a +0 flail (weapon)
 o - a +0 hunting sling
 p - a +3 short sword
Missiles
 j - 53 stones (quivered)
Armour
 b - a +0 scale mail (worn)
 c - a +0 shield (worn)
 t - a +0 plate armour
Jewellery
 q - an uncursed ring of fire {unknown}
 r - a +3 ring of dexterity {unknown}
Wands
 u - a wand of lightning (3/15)
 v - a wand of slowing (19/48)
Scrolls
 e - a scroll of identify {unknown}
 g - 3 scrolls of magic mapping {unknown}
 i - a scroll of amnesia {unknown}
 k - a scroll of teleportation {unknown}
 n - 2 scrolls of remove curse {unknown}
Comestibles
 f - 2 bread rations
 h - 13 chunks of flesh
 m - a beef jerky
 s - a meat ration


   Skills:
 - Level 3.6 Fighting
 + Level 5.9 Maces & Flails
 - Level 3.6 Armour
 - Level 3.6 Shields


You had 3 spell levels left.
You didn't know any spells.

Dungeon Overview and Level Annotations

Branches:
Dungeon (2/15)

Altars:


Innate Abilities, Weirdness & Mutations

You reflexively headbutt those who attack you in melee.
You have a pair of horns on your head.


Message History

* * * LOW HITPOINT WARNING * * *
You feel very sick. You block Crazy Yiuf's attack.
You sock Crazy Yiuf!
You kill Crazy Yiuf!
* * * LOW HITPOINT WARNING * * *
You feel sick.
* * * LOW HITPOINT WARNING * * *
You feel sick.
Things that are here:
a quarterstaff of chaos; a cloak; the gnoll corpse of Crazy Yiuf
There is a lethal amount of poison in your body!
* * * LOW HITPOINT WARNING * * *
You feel sick.
Drink which item? (? for menu, Esc to quit)
It was a potion of brilliance.
You feel clever all of a sudden.
* * * LOW HITPOINT WARNING * * *
You feel sick.
You die...

#.# ##..##
#.#...##.#.#
#.# #....#
#..#####....
#.# ##...#
#........#..
#.# ##.##
#........#..
#.# ##.#
#........#..
### #.##
#........#..
##.#
####รท#####..
#.##
####..####..
##@##
#.......# ..
#...#
#.......##
#...#
#........#
#)..#
#........#
#####
##.....#...
#.###.###..
#......# ..
#......##..
#.......#..


There were no monsters in sight!

Vanquished Creatures
  Crazy Yiuf (D:2)
  Jessica (D:2)
  2 worms (D:2)
  A dart slug (D:1)
  A giant gecko (D:1)
  4 bats
  7 goblins
  4 hobgoblins
  17 jackals
  A giant newt (D:1)
  2 kobolds (D:1)
  2 rats (D:1)
43 creatures vanquished.

Notes
Turn   | Place    | Note
--------------------------------------------------------------
     0 | D:1      | mrath the Minotaur Fighter began the quest for the Orb.
     0 | D:1      | Reached XP level 1. HP: 19/19 MP: 0/0
    62 | D:1      | Reached skill level 3 in Maces & Flails
    68 | D:1      | Reached XP level 2. HP: 26/26 MP: 1/1
   440 | D:1      | Reached skill level 4 in Maces & Flails
   741 | D:1      | Reached XP level 3. HP: 31/31 MP: 2/2
  1061 | D:2      | Noticed Jessica
  1073 | D:2      | Killed Jessica
  1073 | D:2      | Reached skill level 5 in Maces & Flails
  1121 | D:2      | Reached XP level 4. HP: 39/39 MP: 3/3
  1438 | D:2      | Noticed Crazy Yiuf
  1448 | D:2      | Killed Crazy Yiuf
  1451 | D:2      | HP: 1/39 [poisoned by Crazy Yiuf]
  1452 | D:2      | Succumbed to Crazy Yiuf's poison

Vault maps used:
D:1:      mainiacjoe_arrival_reflecting_pool, st_stairs_14,
          hangedman_decor_clover_reticule, minmay_distorted
D:2:      uniq_jessica, uniq_crazy_yiuf_cottage

Skill      XL: |  1  2  3 |
---------------+----------+-----
Maces & Flails | 3 4 5 |  5.9
Fighting       | |  3.6
Armour         | |  3.6
Shields        | |  3.6

Action                   |  1- 3 |  4- 6 || total
-------------------------+-------+-------++-------
Melee: Flail             |    89 |    37 ||   126
  Use: Potion            |       |     2 ||     2
  Eat: Chunk             |     1 |     1 ||     2
